 Dungeon Crawl Stone Soup version 0.20-a0-266-gdedccd6 (webtiles) character file.

34 gamerape the Skirmisher (level 3, 0/20 HPs)
             Began as a Vine Stalker Fighter on Dec 5, 2016.
             Succumbed to an adder's poison
             ... on level 2 of the Dungeon.
             The game lasted 00:04:48 (763 turns).

gamerape the Skirmisher (Vine Stalker Fighter)       Turns: 763, Time: 00:04:49

Health: 0/20       AC:  6    Str: 24    XL:     3   Next: 31%
Magic:  4/4        EV:  5    Int:  8    God:    Xom [.*....]
Gold:   73         SH: 14    Dex: 13    Spells: 2/2 levels left

rFire  . . .     SeeInvis .     a - +0 flail
rCold  . . .     Gourm    .     b - +0 scale mail
rNeg   . . .     Faith    .     i - +0 large shield
rPois  .         Spirit   +     (no helmet)
rElec  .         Reflect  .     (no cloak)
rCorr  .         Harm     .     (no gloves)
MR     .....                    (no boots)
Stlth  ..........               (no amulet)
                                (no ring)
                                (no ring)

@: mighty, lethally poisoned (0 -> -7)
A: fangs 2, magic shield, antimagic bite, no device heal 3, rot immunity
a: Renounce Religion


You were on level 2 of the Dungeon.
You worshipped Xom.
You were a plaything of Xom.
You were not hungry.

You visited 1 branch of the dungeon, and saw 2 of its levels.

You collected 73 gold pieces.

Inventory:

Hand Weapons
 a - a +0 flail (weapon)
Armour
 b - a +0 scale mail (worn)
 c - a +0 shield
 i - a +0 large shield (worn)
Scrolls
 g - 2 scrolls of immolation {unknown}
 h - 5 scrolls of identify {unknown}
 k - a scroll of amnesia {unknown}
Potions
 e - a potion of heal wounds
Comestibles
 f - a bread ration
 j - 2 chunks of flesh
 l - a meat ration


   Skills:
 * Level 3.1 Fighting
 * Level 2.1 Maces & Flails
 + Level 2.7 Armour
 + Level 3.1 Shields


You had 2 spell levels left.
You didn't know any spells.

Dungeon Overview and Level Annotations

Branches:
Dungeon (2/15)

Altars:
Xom


Innate Abilities, Weirdness & Mutations

You have extremely sharp teeth.
When hurt, damage is shared between your health and your magic reserves.
Your bite disrupts and absorbs the magic of your enemies.
Potions and wands cannot restore your health.
You are immune to rotting.


Message History

Xom thinks this is hilarious!
* * * LOW HITPOINT WARNING * * *
You feel sick. You block the adder's attack.
You feel very mighty all of a sudden.
* * * LOW HITPOINT WARNING * * *
You feel sick. You block the adder's attack.
You hit the adder. Your bite misses the adder.
The adder is almost dead.
* * * LOW HITPOINT WARNING * * *
You feel sick. You block the adder's attack. x2
Your shield and scale mail prevent you from hitting the adder.
You bite the adder. You drain its power.
You feel invigorated.
You kill the adder!
* * * LOW HITPOINT WARNING * * *
You feel sick. That would not heal you.
* * * LOW HITPOINT WARNING * * *
You feel sick.
You die...
Xom laughs nastily!

# ###. ....########
#..........####
#..........+..#
#..........##.#
#...@....#.#
#.#####..#.#
#.<....#.#
..........>##########
#....................
#####################


There were no monsters in sight!

Vanquished Creatures
  An adder (D:2)
  2 dart slugs (D:1)
  A leopard gecko (D:1)
  2 bats (D:1)
  A giant cockroach (D:1)
  3 goblins
  2 hobgoblins (D:1)
  A kobold (D:1)
  6 rats (D:1)
19 creatures vanquished.

Notes
Turn   | Place    | Note
-------+----------+-------------------------------------------
     0 | D:1      | gamerape the Vine Stalker Fighter began the quest for the Orb.
     0 | D:1      | Reached XP level 1. HP: 11/11 MP: 2/2
    96 | D:1      | Found a shimmering altar of Xom.
   165 | D:1      | Became a worshipper of Xom of Chaos
   261 | D:1      | XOM: butterfly on damage
   312 | D:1      | Reached XP level 2. HP: 8/16 MP: 3/3
   317 | D:1      | XOM: divination: magic mapping
   336 | D:1      | XOM: divination: magic mapping
   699 | D:1      | XOM is BORED!
   699 | D:1      | XOM: noise
   728 | D:2      | Reached XP level 3. HP: 20/20 MP: 4/4
   762 | D:2      | HP: 1/20 [poisoned by an adder]
   763 | D:2      | Succumbed to an adder's poison

Vault maps used:
D:1:      minmay_arrival_pointy, xom_teletrap_fun
D:2:      kennysheep_big_flooded_room, lemuel_round_altar

Skill      XL: |  1  2 |
---------------+-------+-----
Maces & Flails | 2 |  2.1
Fighting       | 3 |  3.1
Shields        | 3 |  3.1
Armour         | |  2.7

Action                   || total
-------------------------++-------
Melee: Flail             ||    55
       Bite              ||    19
  Use: Potion            ||     2
Armor: Scale mail        ||    19
Dodge: Dodged            ||     5
Block: Shield            ||     7
       Large shield      ||    31
